| TOP OF THE 1ST |
|
Palm Beach Nationals batting - Pitching for Madison Brewers : LHP Dusty Bryant
|
|
Pitching: LHP Dusty Bryant
|
|
|
Batting: RHB Taffounnout Kame
|
0-0: Called Strike 0-1: Ball 1-1: Called Strike 1-2: Foul Ball, location: 2F 1-2: Ball 2-2: Foul Ball, location: 2F 2-2: Ball 3-2: Foul Ball, location: 2F 3-2: Foul Ball, location: 2F 3-2: Base on Balls
|
|
Batting: RHB Aaron Bateman
|
0-0: Ball 1-0: Ball 2-0: Foul Ball, location: 2F 2-1: Swinging Strike 2-2: Strikes out looking
|
|
Batting: LHB Chris Williams
|
0-0: Swinging Strike 0-1: Foul Ball, location: 2F 0-2: Foul Ball, location: 2F 0-2: Ball 1-2: Ball 2-2: Grounds out, U3 (Groundball, 3L, EV 100.6 MPH)
|
|
Batting: RHB Chad Madsen
|
0-0: Ball 1-0: Called Strike 1-1: Swinging Strike 1-2: 2-RUN HOME RUN (Flyball, 78XD, EV 103.8 MPH), Distance : 406 ft
|
|
Batting: RHB Er Le
|
0-0: Ball 1-0: Foul Ball, location: 2F 1-1: Swinging Strike 1-2: Strikes out looking
|
| Top of the 1st over - 2 runs, 1 hit, 0 errors, 0 left on base; Palm Beach 2 - Madison 0 |
| BOTTOM OF THE 1ST |
|
Madison Brewers batting - Pitching for Palm Beach Nationals : RHP Steve Schneider
|
|
Pitching: RHP Steve Schneider
|
|
|
Batting: RHB Tony Beaumond
|
0-0: Foul Ball, location: 2F 0-1: DOUBLE (Flyball, 8RXD, EV 109.4 MPH)
|
|
Batting: LHB Jesus Huante
|
0-0: Called Strike 0-1: Foul Ball, location: 2F 0-2: Strikes out swinging
|
|
Batting: LHB John Fortin
|
0-0: Foul Ball, location: 2F 0-1: SINGLE (Flyball, 5D, EV 86.9 MPH) Tony Beaumond to third
|
|
Batting: SHB Justin Hensley
|
0-0: Ball 1-0: Ball 2-0: Ball 3-0: Called Strike 3-1: Fly out, F9 (Flyball, 89M, EV 92.5 MPH) Runner from 3rd tags up, SCORES, throw by RF
|
|
Batting: RHB Steve Errico
|
0-0: Ball John Fortin is caught stealing 2nd base 2-4
|
| Bottom of the 1st over - 1 run, 2 hits, 0 errors, 0 left on base; Palm Beach 2 - Madison 1 |
| TOP OF THE 2ND |
|
Palm Beach Nationals batting - Pitching for Madison Brewers : LHP Dusty Bryant
|
|
Batting: SHB John Husson
|
0-0: Ball 1-0: Ball 2-0: Ball 3-0: Base on Balls
|
|
Batting: RHB Kenny Ball
|
0-0: Ball 1-0: Ball 2-0: Called Strike 2-1: Fly out, F9 (Flyball, 9LMF, EV 91.2 MPH)
|
|
Batting: RHB Joe Simmelink
|
0-0: Called Strike 0-1: Called Strike 0-2: Ball 1-2: Foul Ball, location: 2F 1-2: Strikes out looking
|
|
Batting: RHB Akira Ishihara
|
0-0: Called Strike 0-1: Ball 1-1: Ball 2-1: Ball 3-1: Base on Balls John Husson to second
|
|
Batting: RHB Taffounnout Kame
|
0-0: SINGLE (Line Drive, 4D, EV 96.2 MPH) John Husson to third Akira Ishihara to second
|
|
Batting: RHB Aaron Bateman
|
0-0: Ball 1-0: Ball 2-0: Swinging Strike 2-1: GRAND SLAM HOME RUN (Flyball, 78XD, EV 96.2 MPH), Distance : 397 ft
|
|
Batting: LHB Chris Williams
|
0-0: Ball 1-0: Ball 2-0: Called Strike 2-1: Swinging Strike 2-2: Strikes out swinging
|
| Top of the 2nd over - 4 runs, 2 hits, 0 errors, 0 left on base; Palm Beach 6 - Madison 1 |
| BOTTOM OF THE 2ND |
|
Madison Brewers batting - Pitching for Palm Beach Nationals : RHP Steve Schneider
|
|
Batting: RHB Steve Errico
|
0-0: Called Strike 0-1: Foul Ball, location: 2F 0-2: Ball 1-2: Ball 2-2: Ball 3-2: SINGLE (Groundball, 5S, EV 67.5 MPH) (infield hit)
|
|
Batting: RHB Manny Olave
|
0-0: Ball 1-0: Ball 2-0: Called Strike 2-1: Swinging Strike 2-2: Foul Ball, location: 2F 2-2: Foul Ball, location: 2F 2-2: Strikes out swinging
|
|
Batting: RHB Justin Marino
|
0-0: Foul Ball, location: 2F 0-1: Foul Ball, location: 2F 0-2: Ball 1-2: Foul Ball, location: 2F 1-2: Ball 2-2: Foul Ball, location: 2F 2-2: Fielders Choice at 2nd, 4-6 (Groundball, 34, EV 79.4 MPH)
|
|
Batting: RHB Malcolm McCauley
|
0-0: Swinging Strike 0-1: Called Strike 0-2: Ball 1-2: Ball 2-2: Ball 3-2: Foul Ball, location: 2F 3-2: Base on Balls Justin Marino to second
|
|
Batting: RHB Austin Doig
|
0-0: Fly out, F7 (Flyball, 78M, EV 88.8 MPH)
|
| Bottom of the 2nd over - 0 runs, 1 hit, 0 errors, 2 left on base; Palm Beach 6 - Madison 1 |
| TOP OF THE 3RD |
|
Palm Beach Nationals batting - Pitching for Madison Brewers : LHP Dusty Bryant
|
|
Batting: RHB Chad Madsen
|
0-0: Ball 1-0: Ball 2-0: Ball 3-0: Base on Balls
|
|
Pitching: RHP Troy Morin
|
|
|
Batting: RHB Er Le
|
0-0: Called Strike 0-1: Foul Ball, location: 2F 0-2: Hit by Pitch Chad Madsen to second
|
|
Batting: SHB John Husson
|
0-0: Ball 1-0: Called Strike 1-1: Ball 2-1: Grounds into double play, 6-4-3 (Groundball, 6M, EV 91.9 MPH) Chad Madsen to third
|
|
Batting: RHB Kenny Ball
|
0-0: Ball 1-0: Ball 2-0: Called Strike 2-1: Ball 3-1: Fly out, F9 (Flyball, 9D, EV 106.2 MPH)
|
| Top of the 3rd over - 0 runs, 0 hits, 0 errors, 1 left on base; Palm Beach 6 - Madison 1 |
| BOTTOM OF THE 3RD |
|
Madison Brewers batting - Pitching for Palm Beach Nationals : RHP Steve Schneider
|
|
Batting: RHB Tony Beaumond
|
0-0: Called Strike 0-1: Called Strike 0-2: Ball 1-2: Strikes out swinging
|
|
Batting: LHB Jesus Huante
|
0-0: SINGLE (Line Drive, 89S, EV 96.9 MPH)
|
|
Batting: LHB John Fortin
|
0-0: Called Strike 0-1: Fielders Choice at 2nd, 3-6 (Groundball, 3, EV 88.8 MPH)
|
|
Batting: SHB Justin Hensley
|
0-0: Ball 1-0: Ball 2-0: Swinging Strike 2-1: Foul Ball, location: 2F 2-2: SINGLE (Line Drive, 8LS, EV 110.0 MPH) John Fortin to second
|
|
Batting: RHB Steve Errico
|
0-0: Ball 1-0: Foul Ball, location: 2F 1-1: Ball 2-1: Fielders Choice at 2nd, 5-4 (Groundball, 5, EV 106.2 MPH)
|
| Bottom of the 3rd over - 0 runs, 2 hits, 0 errors, 2 left on base; Palm Beach 6 - Madison 1 |
| TOP OF THE 4TH |
|
Palm Beach Nationals batting - Pitching for Madison Brewers : RHP Troy Morin
|
|
Batting: RHB Joe Simmelink
|
0-0: Ball 1-0: Ball 2-0: Called Strike 2-1: Ball 3-1: Fly out, F3 (Popup, 3SF, EV 65.6 MPH)
|
|
Batting: RHB Akira Ishihara
|
0-0: Foul Ball, location: 2F 0-1: Called Strike 0-2: Ground out 5-3 (Groundball, 56, EV 81.9 MPH)
|
|
Batting: RHB Taffounnout Kame
|
0-0: Fly out, F8 (Flyball, 89M, EV 93.8 MPH)
|
| Top of the 4th over - 0 runs, 0 hits, 0 errors, 0 left on base; Palm Beach 6 - Madison 1 |
| BOTTOM OF THE 4TH |
|
Madison Brewers batting - Pitching for Palm Beach Nationals : RHP Steve Schneider
|
|
Batting: RHB Manny Olave
|
0-0: Ball 1-0: Ball 2-0: Ball 3-0: Base on Balls
|
|
Batting: RHB Justin Marino
|
0-0: Fielders Choice at 2nd, 3-6 (Groundball, 3, EV 111.9 MPH)
|
|
Batting: RHB Malcolm McCauley
|
0-0: Ball 1-0: Ball 2-0: Foul Ball, location: 2F 2-1: Fielders Choice at 2nd, 2-4 (Groundball, 2L, EV 71.9 MPH)
|
|
Batting: RHB Austin Doig
|
0-0: Called Strike Malcolm McCauley steals 2nd base (no throw) 0-1: Swinging Strike 0-2: Ball 1-2: Ball 2-2: Ball 3-2: Strikes out swinging
|
| Bottom of the 4th over - 0 runs, 0 hits, 0 errors, 1 left on base; Palm Beach 6 - Madison 1 |
| TOP OF THE 5TH |
|
Palm Beach Nationals batting - Pitching for Madison Brewers : RHP Troy Morin
|
|
Batting: RHB Aaron Bateman
|
0-0: Called Strike 0-1: Ball 1-1: Foul Ball, location: 2F 1-2: Fly out, F3 (Popup, 34, EV 83.8 MPH)
|
|
Batting: LHB Chris Williams
|
0-0: Called Strike 0-1: Foul Ball, location: 2F 0-2: Ball 1-2: Ball 2-2: Foul Ball, location: 2F 2-2: Ball 3-2: SINGLE (Groundball, 6MD, EV 96.9 MPH)
|
|
Batting: RHB Chad Madsen
|
0-0: Called Strike 0-1: Ball 1-1: Ball Chris Williams steals 2nd base 2-1: Foul Ball, location: 2F 2-2: Ball 3-2: Fly out, F4 (Popup, 23, EV 87.5 MPH)
|
|
Batting: RHB Er Le
|
0-0: Foul Ball, location: 2F 0-1: Ground out 6-3 (Groundball, 6, EV 102.5 MPH)
|
| Top of the 5th over - 0 runs, 1 hit, 0 errors, 1 left on base; Palm Beach 6 - Madison 1 |
| BOTTOM OF THE 5TH |
|
Madison Brewers batting - Pitching for Palm Beach Nationals : RHP Steve Schneider
|
|
Batting: RHB Tony Beaumond
|
0-0: Foul Ball, location: 2F 0-1: TRIPLE (Flyball, 89XD, EV 105.0 MPH)
|
|
Batting: LHB Jesus Huante
|
0-0: Called Strike 0-1: Ball 1-1: Fly out, F9 (Flyball, 9S, EV 80.0 MPH)
|
|
Batting: LHB John Fortin
|
0-0: Ball 1-0: Called Strike 1-1: Ball 2-1: Ball 3-1: Foul Ball, location: 2F 3-2: Foul Ball, location: 2F 3-2: Strikes out swinging
|
|
Batting: SHB Justin Hensley
|
0-0: Called Strike 0-1: Ball 1-1: Ball 2-1: Ball 3-1: Base on Balls
|
|
Batting: RHB Steve Errico
|
0-0: Called Strike 0-1: Foul Ball, location: 2F 0-2: Fly out, F9 (Line Drive, 89M, EV 108.8 MPH)
|
| Bottom of the 5th over - 0 runs, 1 hit, 0 errors, 2 left on base; Palm Beach 6 - Madison 1 |
| TOP OF THE 6TH |
|
Palm Beach Nationals batting - Pitching for Madison Brewers : RHP Troy Morin
|
|
Batting: SHB John Husson
|
0-0: Called Strike 0-1: Ball 1-1: Fly out, F4 (Line Drive, 4, EV 71.9 MPH)
|
|
Batting: RHB Kenny Ball
|
0-0: Called Strike 0-1: Fly out, F7 (Flyball, 7, EV 83.8 MPH)
|
|
Batting: RHB Joe Simmelink
|
0-0: Fly out, F8 (Flyball, 8RD, EV 102.5 MPH)
|
| Top of the 6th over - 0 runs, 0 hits, 0 errors, 0 left on base; Palm Beach 6 - Madison 1 |
| BOTTOM OF THE 6TH |
|
Madison Brewers batting - Pitching for Palm Beach Nationals : RHP Steve Schneider
|
|
Batting: RHB Manny Olave
|
0-0: Called Strike 0-1: Fly out, F9 (Flyball, 9, EV 95.0 MPH)
|
|
Batting: RHB Justin Marino
|
0-0: Called Strike 0-1: Swinging Strike 0-2: Strikes out swinging
|
|
Batting: RHB Malcolm McCauley
|
0-0: Swinging Strike 0-1: Fly out, F8 (Flyball, 8LD, EV 90.6 MPH)
|
| Bottom of the 6th over - 0 runs, 0 hits, 0 errors, 0 left on base; Palm Beach 6 - Madison 1 |
| TOP OF THE 7TH |
|
Palm Beach Nationals batting - Pitching for Madison Brewers : RHP Troy Morin
|
|
Batting: RHB Steve Kunselman
|
0-0: Ball 1-0: Called Strike 1-1: Ball 2-1: Foul Ball, location: 2F 2-2: Ball 3-2: Foul Ball, location: 2F 3-2: SINGLE (Line Drive, 7S, EV 108.8 MPH)
|
|
Batting: RHB Taffounnout Kame
|
0-0: Ball 1-0: Ball 2-0: Ball 3-0: Called Strike 3-1: SINGLE (Groundball, 56D, EV 98.1 MPH) Steve Kunselman to second
|
|
Batting: RHB Aaron Bateman
|
0-0: Called Strike 0-1: Foul Ball, location: 2F 0-2: Strikes out swinging
|
|
Pitching: RHP Yang-cheng Kui
|
|
|
Batting: LHB Chris Williams
|
0-0: Swinging Strike 0-1: Foul Ball, location: 2F 0-2: Ball 1-2: Strikes out looking
|
|
Batting: RHB Chad Madsen
|
0-0: Called Strike 0-1: Ball 1-1: Foul Ball, location: 2F 1-2: TRIPLE (Line Drive, 78XD, EV 106.9 MPH) Steve Kunselman scores Taffounnout Kame scores
|
|
Pinch Runner at 3rd Vasag Semerjian:
|
|
|
Batting: RHB Er Le
|
0-0: Ball 1-0: Swinging Strike 1-1: Ground out 5-3 (Groundball, 56, EV 100.0 MPH)
|
| Top of the 7th over - 2 runs, 3 hits, 0 errors, 1 left on base; Palm Beach 8 - Madison 1 |
| BOTTOM OF THE 7TH |
|
Madison Brewers batting - Pitching for Palm Beach Nationals : RHP Steve Schneider
|
|
Now in LF: Vasag Semerjian
|
|
|
Pinch Hitting: LHB Alex Chairez
|
0-0: Foul Ball, location: 2F 0-1: Ball 1-1: Foul Ball, location: 2F 1-2: Foul Ball, location: 2F 1-2: Fly out, F8 (Flyball, 89D, EV 97.5 MPH)
|
|
Batting: RHB Tony Beaumond
|
0-0: Called Strike 0-1: Ground out 6-3 (Groundball, 6, EV 81.2 MPH)
|
|
Batting: LHB Jesus Huante
|
0-0: Fly out, F4 (Popup, 34D, EV 51.2 MPH)
|
| Bottom of the 7th over - 0 runs, 0 hits, 0 errors, 0 left on base; Palm Beach 8 - Madison 1 |
| TOP OF THE 8TH |
|
Palm Beach Nationals batting - Pitching for Madison Brewers : RHP Yang-cheng Kui
|
|
Now at 2B: Mohammed bin Ubaida
|
|
|
Batting: SHB John Husson
|
0-0: Fly out, F9 (Flyball, 9, EV 83.1 MPH)
|
|
Batting: RHB Kenny Ball
|
0-0: Ball 1-0: Fly out, F8 (Flyball, 8RM, EV 88.1 MPH)
|
|
Batting: RHB Joe Simmelink
|
0-0: Ball 1-0: Foul Ball, location: 2F 1-1: Ball 2-1: Fly out, F7 (Line Drive, 78D, EV 101.2 MPH)
|
| Top of the 8th over - 0 runs, 0 hits, 0 errors, 0 left on base; Palm Beach 8 - Madison 1 |
| BOTTOM OF THE 8TH |
|
Madison Brewers batting - Pitching for Palm Beach Nationals : RHP Steve Schneider
|
|
Batting: LHB John Fortin
|
0-0: Ground out U3 (Groundball, 3, EV 102.5 MPH)
|
|
Batting: SHB Justin Hensley
|
0-0: Foul Ball, location: 2F 0-1: Ball 1-1: Called Strike 1-2: Foul Ball, location: 2F 1-2: Ball 2-2: Strikes out looking
|
|
Batting: RHB Steve Errico
|
0-0: Called Strike 0-1: Ball 1-1: Called Strike 1-2: Foul Ball, location: 2F 1-2: Strikes out swinging
|
| Bottom of the 8th over - 0 runs, 0 hits, 0 errors, 0 left on base; Palm Beach 8 - Madison 1 |
| TOP OF THE 9TH |
|
Palm Beach Nationals batting - Pitching for Madison Brewers : RHP Yang-cheng Kui
|
|
Batting: RHB Steve Kunselman
|
0-0: Called Strike 0-1: Swinging Strike 0-2: Foul Ball, location: 2F 0-2: Strikes out swinging
|
|
Batting: RHB Taffounnout Kame
|
0-0: Called Strike 0-1: Ball 1-1: SINGLE (Line Drive, 7LM, EV 102.5 MPH)
|
|
Batting: RHB Aaron Bateman
|
0-0: Ball Taffounnout Kame steals 2nd base (no throw) 1-0: Called Strike 1-1: Ball 2-1: Ground out 5-3 (Groundball, 56S, EV 65.0 MPH) Taffounnout Kame to third
|
|
Batting: LHB Chris Williams
|
0-0: Called Strike 0-1: Ball 1-1: Ball 2-1: Foul Ball, location: 2F 2-2: Ball 3-2: Fly out, F7 (Line Drive, 7S, EV 99.4 MPH)
|
| Top of the 9th over - 0 runs, 1 hit, 0 errors, 1 left on base; Palm Beach 8 - Madison 1 |
| BOTTOM OF THE 9TH |
|
Madison Brewers batting - Pitching for Palm Beach Nationals : RHP Steve Schneider
|
|
Batting: RHB Manny Olave
|
0-0: Ball 1-0: Ball 2-0: Foul Ball, location: 2F 2-1: Ball 3-1: Base on Balls
|
|
Pinch Hitting: LHB Steven Donovan
|
0-0: Ball 1-0: Ball 2-0: Called Strike 2-1: Ball 3-1: Called Strike 3-2: Foul Ball, location: 2F 3-2: DOUBLE (Line Drive, 7LM, EV 90.0 MPH) Manny Olave to third
|
|
Pinch Hitting: RHB Mario Lopez
|
0-0: Ball 1-0: Swinging Strike 1-1: Ball 2-1: Swinging Strike 2-2: Strikes out swinging
|
|
Batting: RHB Mohammed bin Ubaida
|
0-0: Ball 1-0: Called Strike 1-1: Ball 2-1: Ball 3-1: Base on Balls
|
|
Pitching: RHP Mike Hamilton
|
|
|
Batting: RHB Tony Beaumond
|
0-0: Ball 1-0: Foul Ball, location: 2F 1-1: Fly out, F8 (Flyball, 8LXD, EV 109.4 MPH) Runner from 3rd tags up, SCORES, no throw by CF
|
|
Batting: LHB Jesus Huante
|
0-0: SINGLE (Flyball, 9S, EV 90.6 MPH) Steven Donovan to third Mohammed bin Ubaida to second
|
|
Batting: LHB John Fortin
|
0-0: Fly out, F8 (Flyball, 8LXD, EV 103.1 MPH)
|
| Bottom of the 9th over - 1 run, 2 hits, 0 errors, 3 left on base; Palm Beach 8 - Madison 2 |
|